 Dungeon Crawl Stone Soup version 0.24.1-1-gd1d2a07e1b (webtiles) character file.

Game seed: 13188195242421768662, levelgen mode: deterministic

5639 BuffBuff the Cleaver (level 10, -1/139 HPs)
             Began as a Minotaur Berserker on Apr 8, 2020.
             Was a High Priest of Trog.
             Slain by a 13-headed hydra (3 damage)
             ... on level 9 of the Dungeon.
             The game lasted 00:25:39 (8554 turns).

BuffBuff the Cleaver (Minotaur Berserker)           Turns: 8554, Time: 00:25:40

Health: -1/139     AC: 15    Str: 28    XL:     10   Next: 46%
Magic:  9/9        EV:  8    Int:  4    God:    Trog [*****.]
Gold:   487        SH:  0    Dex: 12    Spells: 9/9 levels left

rFire    . . .     SeeInvis .   u - +0 war axe
rCold    . . .     Gourm    .   (no shield)
rNeg     . . .     Faith    .   O - +0 plate armour
rPois    .         Spirit   .   (helmet restricted)
rElec    .         Reflect  .   N - +0 cloak
rCorr    +         Harm     .   (no gloves)
MR       +++..                  (no boots)
Stlth    ..........             L - amulet of regeneration
HPRegen  1.73/turn              J - ring of resist corrosion
MPRegen  0.11/turn              G - ring of protection from magic

@: berserking, regenerating, very quick
A: retaliatory headbutt, horns 2
a: Berserk, Trog's Hand, Brothers in Arms, Renounce Religion


You were on level 9 of the Dungeon.
You worshipped Trog.
Trog was extremely pleased with you.
You were very hungry.

You visited 1 branch of the dungeon, and saw 9 of its levels.

You collected 487 gold pieces.

Inventory:

Hand Weapons
 u - a +0 war axe (weapon)
Missiles
 q - 6 poisoned darts (quivered)
Armour
 N - a +0 cloak (worn)
 O - a +0 plate armour (worn)
Jewellery
 b - an uncursed ring of fire
 i - an uncursed ring of flight
 G - a ring of protection from magic (right hand)
 J - a ring of resist corrosion (left hand)
 L - an amulet of regeneration (around neck)
Wands
 a - a wand of scattershot (7)
 y - a wand of iceblast (13)
 A - a wand of digging (8)
 E - a wand of flame (22)
 K - a wand of random effects (15)
Scrolls
 g - a scroll of magic mapping {unknown}
 j - 2 scrolls of immolation {unknown}
 l - 5 scrolls of teleportation {unknown}
 r - 4 scrolls of identify {unknown}
 t - a scroll of amnesia {unknown}
 w - a scroll of enchant armour {unknown}
 B - a scroll of noise {unknown}
 C - a scroll of enchant weapon {unknown}
 D - 5 scrolls of remove curse {unknown}
 H - a scroll of blinking {unknown}
 I - a scroll of fear {unknown}
Potions
 d - a potion of lignification {unknown}
 e - a potion of cancellation {unknown}
 f - 2 potions of mutation {unknown}
 k - 4 potions of heal wounds {unknown}
 m - a potion of might
 n - 4 potions of haste
 o - 2 potions of berserk rage {unknown}
 x - a potion of agility {unknown}
 z - a potion of flight {unknown}
 F - 3 potions of degeneration {unknown}
Comestibles
 c - 14 rations
 M - 14 chunks of flesh


   Skills:
 + Level 10.1 Fighting
 * Level 13.2 Axes
 + Level 9.6 Armour
 - Level 2.1 Dodging


You had 9 spell levels left.
You didn't know any spells.
Your spell library was empty.

Dungeon Overview and Level Annotations

Branches:
Dungeon (9/15)             Temple (0/1) D:7            Lair (0/6) D:9
    Orc: D:9-12

Altars:
Gozag
Kikubaaqudgha
Makhleb
Ru
Sif Muna
Uskayaw
Wu Jian
Xom
Yredelemnul

Annotations:
D:9 2 transporters, asdu's ghost, novice GrFi


Innate Abilities, Weirdness & Mutations

You reflexively headbutt those who attack you in melee.
You have a pair of horns on your head.


Message History

The 13-headed hydra is severely wounded.
The 13-headed hydra bites you but does no damage.
The 13-headed hydra bites you!
* * * LOW HITPOINT WARNING * * *
The 13-headed hydra bites you but does no damage.
The 13-headed hydra bites you!
* * * LOW HITPOINT WARNING * * *
The 13-headed hydra bites you but does no damage.
The 13-headed hydra bites you.
* * * LOW HITPOINT WARNING * * *
The 13-headed hydra bites you.
* * * LOW HITPOINT WARNING * * *
The 13-headed hydra bites you.
* * * LOW HITPOINT WARNING * * *
The 13-headed hydra barely misses you.
The 13-headed hydra bites you but does no damage.
The 13-headed hydra bites you.
* * * LOW HITPOINT WARNING * * *
The 13-headed hydra bites you.
You die...

....... #..# #..#
....... #..#
#..### .....$.
#..# #..##.
.....>. #..# ##.
....... #..# #..
....... #..# #.#
.......#######..#
#.#
................#
#.#
.....a.@........#
#.#
......D######...#
..#.# #####..
#...# #..#.. #..
#...# #..##. #..
#...# #..##. #..
#...###..### #..
#........# # #..
#.)).....#
#.)......#


You could see a 13-headed hydra and a worker ant.

Vanquished Creatures
  Pikel (D:8)
  Maurice (D:8)
  Psyche (D:8)
  A komodo dragon (D:9)
  A hornet (D:8)
  A hippogriff (D:9)
  5 yaks (D:9)
  2 hungry ghosts
  4 orc warriors
  3 sky beasts
  7 ogres
  A black bear (D:9)
  An ice beast (D:8)
  A centaur (D:7)
  Blork the orc (D:6)
  A bullfrog (D:7)
  2 scorpions
  5 killer bees (D:8)
  4 crimson imps
  A bullfrog zombie (D:8)
  2 hounds
  2 jellies
  3 orc priests
  2 iguanas
  6 orc wizards
  6 worker ants
  3 hound skeletons
  A worker ant zombie (D:5)
  10 gnolls
  6 adders
  A shadow imp (D:8)
  An ooze (D:1)
  An adder skeleton (D:5)
  3 worms
  A dart slug (D:1)
  6 leopard geckos
  25 orcs
  5 bats
  11 giant cockroaches
  9 goblins
  9 hobgoblins
  17 jackals
  9 kobolds
  2 quokkas
  5 frilled lizards
  A leopard gecko skeleton (D:4)
  A leopard gecko zombie (D:6)
  4 rats
196 creatures vanquished.

Vanquished Creatures (others)
  A slave (D:8)
  2 orcs (D:8)
  2 jackals (D:8)
  A plant (D:9)
6 creatures vanquished.

Grand Total: 202 creatures vanquished

Notes
Turn   | Place    | Note
-------+----------+-------------------------------------------
     0 | D:1      | BuffBuff the Minotaur Berserker began the quest for the
                  | Orb.
     0 | D:1      | Reached XP level 1. HP: 19/19 MP: 0/0
   146 | D:1      | Reached skill level 4 in Axes
   262 | D:1      | Reached XP level 2. HP: 22/27 MP: 1/1
   470 | D:1      | Reached XP level 3. HP: 32/33 MP: 2/2
   477 | D:1      | Reached ** piety under Trog
  1375 | D:2      | Found a faded altar of an unknown god.
  1735 | D:3      | Reached skill level 5 in Axes
  1735 | D:3      | Reached XP level 4. HP: 41/41 MP: 3/3
  2498 | D:3      | Found an opulent altar of Gozag.
  2535 | D:3      | Reached XP level 5. HP: 44/47 MP: 4/4
  2795 | D:3      | Reached *** piety under Trog
  2919 | D:4      | Noticed an ogre
  2924 | D:4      | Killed an ogre
  2924 | D:4      | Reached skill level 5 in Fighting
  2924 | D:4      | Reached skill level 6 in Axes
  2924 | D:4      | Reached XP level 6. HP: 48/56 MP: 5/5
  2993 | D:4      | HP: 1/56 [something/magic dart (4)]
  3249 | D:4      | Noticed an orc warrior
  3261 | D:4      | Killed an orc warrior
  3262 | D:4      | Reached skill level 7 in Axes
  3526 | D:4      | Reached skill level 5 in Armour
  3526 | D:4      | Reached XP level 7. HP: 62/62 MP: 6/6
  3551 | D:4      | Found an ancient bone altar of Kikubaaqudgha.
  4041 | D:5      | Entered Level 5 of the Dungeon
  4136 | D:5      | Reached skill level 8 in Axes
  4424 | D:5      | Reached XP level 8. HP: 52/71 MP: 7/7
  4713 | D:5      | Reached skill level 9 in Axes
  5218 | D:6      | Reached **** piety under Trog
  5310 | D:6      | Noticed Blork the orc
  5320 | D:6      | Killed Blork the orc
  5452 | D:6      | Found a sacrificial altar of Ru.
  5462 | D:6      | Found an ornate altar of the Wu Jian Council.
  5465 | D:6      | Found a shimmering blue altar of Sif Muna.
  5477 | D:6      | Found a basalt altar of Yredelemnul.
  5885 | D:7      | Noticed a +0 hand axe
  5885 | D:7      | Noticed a +0 hand axe
  5978 | D:7      | Reached skill level 10 in Axes
  6052 | D:7      | Found a staircase to the Ecumenical Temple.
  6221 | D:7      | Found a shimmering altar of Xom.
  6319 | D:7      | Reached XP level 9. HP: 81/81 MP: 8/8
  6360 | D:7      | Found a hide-covered altar of Uskayaw.
  6804 | D:7      | Found a burning altar of Makhleb.
  7007 | D:8      | Reached skill level 11 in Axes
  7145 | D:8      | Noticed Pikel
  7151 | D:8      | Killed Pikel
  7158 | D:8      | Noticed Maurice
  7170 | D:8      | Killed Maurice
  7259 | D:8      | Reached skill level 12 in Axes
  7604 | D:8      | Noticed Psyche
  7614 | D:8      | Killed Psyche
  7614 | D:8      | Reached XP level 10. HP: 91/91 MP: 9/9
  8232 | D:9      | Reached ***** piety under Trog
  8321 | D:9      | Found a staircase to the Lair.
  8358 | D:9      | Reached skill level 10 in Fighting
  8358 | D:9      | Reached skill level 13 in Axes
  8448 | D:9      | Found a transporter.
  8460 | D:9      | Noticed a moth of wrath
  8472 | D:9      | Found a transporter.
  8475 | D:9      | Noticed asdu's ghost (novice GrFi)
  8546 | D:9      | Noticed an eight-headed hydra
  8554 | D:9      | HP: 3/139 [13-headed hydra (4)]
  8554 | D:9      | Slain by a 13-headed hydra

Levels and vault maps discovered:
D:1:      dpeg_arrival_solitude, layout_loops_ring,
          hangedman_decor_clover_reticule
D:2:      layout_basic, chequers_ecumenical_altar_grove
D:3:      layout_basic, nicolae_overflow_hidden_temple, gup_sewer_entry_glass,
          kennysheep_generic_room_13
D:4:      layout_loops_ring, nicolae_overflow_crystal_walls, first_ration,
          guppyfry_early_orc_mine
D:5:      layout_layer_cave, minmay_misc_feat_roman
D:6:      layout_basic, grunt_temple_overflow_cloverleaf, uniq_blork_the_orc
D:7:      layout_basic, dancing_weapons_uskayaw, marbit_many_paths,
          minmay_temple_entry_slanted, basic_altar, grunt_ogre_cave
D:8:      layout_basic, uniq_pikel, uniq_maurice, uniq_psyche
D:9:      layout_long_grid, david_lair_shrubbed, david_orc_4,
          gammafunk_ghost_berserking_beasts, makhleb_altar_promises_db

Skill      XL: |  1  2  3  4  5  6  7  8  9 10 |
---------------+-------------------------------+-----
Axes           | 4 5 6 7 8 10 12 13 | 13.2
Fighting       | 4 5 6 7 9 10 | 10.1
Armour         | 3 4 5 6 7 8 9 |  9.6
Dodging        | |  2.1

Action                   |  1- 3 |  4- 6 |  7- 9 | 10-12 || total
-------------------------+-------+-------+-------+-------++-------
Melee: Hand axe          |   102 |    60 |       |       ||   162
       Headbutt          |    18 |    19 |    55 |    21 ||   113
       War axe           |       |    57 |   277 |    65 ||   399
Invok: Trog's Hand       |       |     5 |     3 |     1 ||     9
       Berserk           |       |     2 |     4 |     1 ||     7
  Eat: Chunk             |     3 |     9 |    16 |     4 ||    32
       Ration            |       |       |     1 |       ||     1
Armor: Animal skin       |     4 |       |       |       ||     4
       Leather armour    |    14 |    19 |       |       ||    33
       Chain mail        |       |    12 |   129 |     8 ||   149
       Plate armour      |       |       |       |    44 ||    44
Dodge: Dodged            |    57 |    63 |   112 |    30 ||   262
